Workbook
Name CUMPLE_EMPRENDIMIENTO_MUJER: IF(COUNTIFS(EXPERIENCIA!$I$19:$I$24,">=0,1",EXPERIENCIA!$N$19:$N$24,"SI"),"SI","NO")
Name CUMPLE_EXP_ADICIONAL: IF(EXPERIENCIA!XES1>=(EXPERIENCIA!$J$10/2),"CUMPLE","NO CUMPLE")
Name CUMPLE_EXP_ESPECIFICA: IF(COUNTIFS(EXPERIENCIA!$O$40:$O$58,"VALIDA",EXPERIENCIA!$R$40:$R$58,">1621")>=1,"CUMPLE","NO CUMPLE")
Name CUMPLE_F_RUP: IF(EXPERIENCIA!$K1<(EXPERIENCIA!$F$10-30),"NO CUMPLE","CUMPLE")
Name CUMPLE_MIPYMES: IF(COUNTIFS(EXPERIENCIA!$I$19:$I$24,">=0,1",EXPERIENCIA!$J$19:$J$24,"SI",EXPERIENCIA!$L$19:$L$24,"SI"),"SI","NO")
Name ESTADO_CERTIFICACION: IF(EXPERIENCIA!$D1="","",IF(AND(EXPERIENCIA!$J1="CUMPLE",EXPERIENCIA!$K1="CUMPLE",(EXPERIENCIA!$M1<EXPERIENCIA!$F$10)),"VALIDA","NO VALIDA"))
Name Formato_13: IF(EXPERIENCIA!XFD1="","",IF(EXPERIENCIA!XFD1="SE ANEXA","SI","NO"))
Name INT1_PYMES: AND(EXPERIENCIA!$I1>10%,EXPERIENCIA!$J1="SI",EXPERIENCIA!$L1="SI")
Name INTEGRANTE_2: IF(EXPERIENCIA!$N$15="Proponente Plural",IF(ISBLANK((VLOOKUP(EXPERIENCIA!$D$15,[1]OFERENTES!$A$8:$H$27,5,FALSE))),"",VLOOKUP(EXPERIENCIA!$D$15,[1]OFERENTES!$A$8:$H$27,5,FALSE)),"")
Name INTEGRANTE_3: IF(EXPERIENCIA!$N$15="Proponente Plural",IF(ISBLANK((VLOOKUP(EXPERIENCIA!$D$15,[1]OFERENTES!$A$8:$H$27,7,FALSE))),"",VLOOKUP(EXPERIENCIA!$D$15,[1]OFERENTES!$A$8:$H$27,7,FALSE)),"")
Name INTEGRANTE_4: IF(EXPERIENCIA!$N$15="Proponente Plural",IF(ISBLANK((VLOOKUP(EXPERIENCIA!$D$15,[1]OFERENTES!$A$8:$AA$27,9,FALSE))),"",VLOOKUP(EXPERIENCIA!$D$15,[1]OFERENTES!$A$8:$AA$27,9,FALSE)),"")
Name INTEGRANTE_5: IF(EXPERIENCIA!$N$15="Proponente Plural",IF(ISBLANK((VLOOKUP(EXPERIENCIA!$D$15,[1]OFERENTES!$A$8:$AA$27,11,FALSE))),"",VLOOKUP(EXPERIENCIA!$D$15,[1]OFERENTES!$A$8:$AA$27,11,FALSE)),"")
Name INTEGRANTE_6: IF(EXPERIENCIA!$N$15="Proponente Plural",IF(ISBLANK((VLOOKUP(EXPERIENCIA!$D$15,[1]OFERENTES!$A$8:$AA$27,13,FALSE))),"",VLOOKUP(EXPERIENCIA!$D$15,[1]OFERENTES!$A$8:$AA$27,13,FALSE)),"")
Name INTEGRANTE_PORCENTAJE_PYME: IFERROR(INDEX(EXPERIENCIA!$D$19:$D$24,MATCH(TRUE, EXPERIENCIA!$I$19:$I$24 <10%, 0),1),"")
Name INTEGRANTE_RUP_NO_FIRME: IFERROR(INDEX(EXPERIENCIA!$D$19:$D$21,MATCH(TRUE,(EXPERIENCIA!$J$19:$J$21 = "NO"), 0),1),"")
Name INTEGRANTES_EMP_MUJ: _xlfn._xlws.FILTER(EXPERIENCIA!$D$19:$D$24,EXPERIENCIA!$A$19:$A$24="v")
Name INTEGRANTES_PYMES: _xlfn._xlws.FILTER(EXPERIENCIA!$D$19:$D$24,EXPERIENCIA!$C$19:$C$24="v")
Name NO_PORCENTAJE_PYMES: COUNTIFS(EXPERIENCIA!$I$19:$I$24,"<10%",EXPERIENCIA!$L$19:$L$24,"SI")
Name NO_PORCENTAJEMUJER: COUNTIFS(EXPERIENCIA!$I$19:$I$24,"<10%",EXPERIENCIA!$N$19:$N$24,"si")
Name NOCUMPLE_RUPFIRME_PYME: COUNTIFS(EXPERIENCIA!$J$19:$J$24,"NO",EXPERIENCIA!$L$19:$L$24,"SI")
Name NOM_PROPONENTE: IFERROR(IF(EXPERIENCIA!$D$15>0,(VLOOKUP(EXPERIENCIA!$D$15,[1]OFERENTES!$A$8:$W$27,2,FALSE)),""),"")
Name NSR_10: IF(COUNTIFS(EXPERIENCIA!$O$40:$O$58,"VALIDA",EXPERIENCIA!$J$40:$J$58,">15/7/2010")>=1,"CUMPLE","NO CUMPLE")
Name NSR_98: IF(COUNTIFS(EXPERIENCIA!$O$40:$O$58,"valida",EXPERIENCIA!$J$40:$J$58,">35804")>=COUNTIFS(EXPERIENCIA!$O$40:$O$58,"VALIDA")-1,"CUMPLE","NO CUMPLE")
Name OFERENTE_40porciento: IFERROR(INDEX(EXPERIENCIA!$D$80:$D$82,MATCH(TRUE,EXPERIENCIA!$I$80:$I$82>=40%,0),1),"")
Name PORCENTAJE_INTEGRANTE1: IF(EXPERIENCIA!$D$15>0,IF(ISBLANK((VLOOKUP(EXPERIENCIA!$D$15,[1]OFERENTES!$A$8:$AH$27,4,FALSE))),"",(VLOOKUP(EXPERIENCIA!$D$15,[1]OFERENTES!$A$8:$AH$27,4,FALSE))),"")
Name PORCENTAJE_INTEGRANTE2: IF(EXPERIENCIA!$D$15>0,IF(ISBLANK((VLOOKUP(EXPERIENCIA!$D$15,[1]OFERENTES!$A$8:$AH$27,6,FALSE))),"",(VLOOKUP(EXPERIENCIA!$D$15,[1]OFERENTES!$A$8:$AH$27,6,FALSE))),"")
Name PORCENTAJE_INTEGRANTE3: IF(EXPERIENCIA!$D$15>0,IF(ISBLANK((VLOOKUP(EXPERIENCIA!$D$15,[1]OFERENTES!$A$8:$AH$27,8,FALSE))),"",(VLOOKUP(EXPERIENCIA!$D$15,[1]OFERENTES!$A$8:$AH$27,8,FALSE))),"")
Name PORCENTAJE_INTEGRANTE4: IF(EXPERIENCIA!$D$15>0,IF(ISBLANK((VLOOKUP(EXPERIENCIA!$D$15,[1]OFERENTES!$A$8:$AH$27,10,FALSE))),"",(VLOOKUP(EXPERIENCIA!$D$15,[1]OFERENTES!$A$8:$AH$27,10,FALSE))),"")
Name PORCENTAJE_INTEGRANTE5: IF(EXPERIENCIA!$D$15>0,IF(ISBLANK((VLOOKUP(EXPERIENCIA!$D$15,[1]OFERENTES!$A$8:$AH$27,12,FALSE))),"",(VLOOKUP(EXPERIENCIA!$D$15,[1]OFERENTES!$A$8:$AH$27,12,FALSE))),"")
Name PORCENTAJE_INTEGRANTE6: IF(EXPERIENCIA!$D$15>0,IF(ISBLANK((VLOOKUP(EXPERIENCIA!$D$15,[1]OFERENTES!$A$8:$AH$27,14,FALSE))),"",(VLOOKUP(EXPERIENCIA!$D$15,[1]OFERENTES!$A$8:$AH$27,14,FALSE))),"")
Name PORCENTAJE_MENOR: IFERROR(MATCH(TRUE, EXPERIENCIA!$I$19:$I$21 <10%, 0),"")
Name POSICIÓN_FIRMEZA_RUT: IFERROR(MATCH(TRUE, EXPERIENCIA!$J$19:$J$24 = "no", 0),"")
Name RESPUESTAS_UNICAS: IF(EXPERIENCIA!$L$65="CUMPLE","SIN OBSERVACIONES",VLOOKUP(EXPERIENCIA!$B1,[1]RESPUESTAS!$B$8:$H$75,3,FALSE))
Name TIPO_PROPONENTE: IFERROR(VLOOKUP(EXPERIENCIA!$D$15,[1]OFERENTES!$A$8:$AA$107,26,FALSE),"")

Sheet PROPONENTE
B1: #VALUE! | D1: IDENTIFICACIÓN DEL PROPONENTE
B5: Oferente: | C5: =+EXPERIENCIA!D15 -> 45 | E5: =IF($C$5>0,(VLOOKUP($C$5,[1]OFERENTES!$A$8:$W$1027,2,FALSE)),"") -> LAEL CONSTRUCCIONES S.A.S | K5: TIPO PROPONENTE | M5: =IFERROR(VLOOKUP($C$5,[1]OFERENTES!$A$8:$AA$1027,26,FALSE),"") -> Proponente Individual
B8: 2. CAPÍTULO II. ELABORACIÓN Y PRESENTACIÓN DE LA OFERTA
B10: 2.1. CARTA DE PRESENTACIÓN DE LA OFERTA
B12: El proponente individual o prlura presento el FORMATO 1 – CARTA DE PRESENTACIÓN DE LA OFERTA | M12: SI
B14: APLICACIÓN DEL ARTICULO 20 DE LA LEY 842 DE 2023
B15: La oferta del porponente individual o Plural es avalada por un Ingeniero de conformidad con el ART 20 ley 842 de 2023? | M15: SI
B17: El proponente Adjunta copia de la tarjeta profesional | M17: SI
B19: El proponente adjunta copia de la tarjeta profesional y certificado de vigencia de la matrícula profesional expedida por la autoridad competente | M19: SI
B21: El certificado de vigencia de la matrícula profesional se encuentra vigente al cierre del presente proceso? | M21: SI
B23: ESTADO REVISIÓN DOCUMENTOS DE PRESENTACIÓN OFERTA | M23: =IF($M$12="","",IF(COUNTIF(M12:M21,"si")>4,"CUMPLE","NO CUMPLE")) -> CUMPLE
B24: Observaciones

Sheet EXPERIENCIA
B2: #VALUE! | C2: EVALUACIÓN CRITERIOS TECNICOS HABILITANTES DE EXPERIENCIA | Q2: ESTADO HABILITACIÓN
Q3: =IF($J$25="NO CUMPLE","OFERTA RECHAZADA",IF(COUNTIF(L65:$M$70,"CUMPLE")=6,"CUMPLE","NO CUMPLE")) -> CUMPLE
B5: 1. D A T O S D E L P R O C E S O.
B8: OBJETO: | D8: =+'[1]DATOS DEL PROCESO'!D3 -> CONSTRUCCIÓN DE LA CASA DE LA CULTURA – CENTRO CULTURAL RROM DEL MUNICIPIO DE SAMPUÉS, DEPARTAMENTO DE SUCRE.
B10: No. PROCESO | D10: =+'[1]DATOS DEL PROCESO'!D2 -> MC-LP-010-2024 | E10: FECHA CIERRE | F10: =+'[1]DATOS DEL PROCESO'!D4 -> 45632 | G10: PLAZO | H10: =+'[1]DATOS DEL PROCESO'!D7 -> 6 | I10: VALOR PPTO | J10: =+'[1]DATOS DEL PROCESO'!D5 -> 1501251043 | K10: SMMLV | L10: =+J10/1300000 -> 1154.8085 | M10: ANTICIPO | N10: =+'[1]DATOS DEL PROCESO'!D12 -> 0.5 | O10: AREA | Q10: =+'[1]DATOS DEL PROCESO'!D8 -> 240 | R10: =+Q10*'[1]DATOS DEL PROCESO'!D10 -> 120
F11: =+F10-30 -> 45602
B13: 2. I D E N T I F I C A C I Ó N D E L O F E R E N T E
B15: Oferente: | D15: 45 | F15: =IF($D$15>0,(VLOOKUP($D$15,[1]OFERENTES!$A$8:$W$1027,2,FALSE)),"") -> LAEL CONSTRUCCIONES S.A.S | L15: TIPO PROPONENTE | N15: =IFERROR(VLOOKUP(EXPERIENCIA!$D$15,[1]OFERENTES!$A$8:$AA$1027,26,FALSE),"") -> Proponente Individual
D17: I N T E G R A N T E S | I17: PARTICIPACIÓN | J17: VIGENCIA FIRMEZA RUP | K17: FECHA EXPEDICIÓN RUP | L17: MIPYME | M17: FORMATO 13 | N17: EMPRENDIMIENTO MUJER | O17: FORMATO 3 | Q17: ESTADO MIPYMES | R17: ESTADO EMPRENDIMIENTO Y/O MUJER
A19: =IF(AND($I19>=10%,$N19="CUMPLE"),"V","F") -> V | B19: ÚNICO PROPONENTE / Integrante 1 | C19: =IF(AND($I19>=10%,$J19="CUMPLE",$L19="SE CLASIFICA"),"V","F") -> V | D19: =IFERROR(IF(EXPERIENCIA!$N$15="Proponente Plural",IF(ISBLANK((VLOOKUP(EXPERIENCIA!$D$15,[1]OFERENTES!$A$8:$H$101027,3,FALSE))),"",VLOOKUP(EXPERIENCIA!$D$15,[1]OFERENTES!$A$8:$H$101027,3,FALSE)),VLOOKUP(EXPERIENCIA!$D$15,[1]OFERENTES!$A$8:$H$1027,3,FALSE)),"") -> LAEL CONSTRUCCIONES S.A.S | I19: =IF(EXPERIENCIA!$D$15>0,IF(ISBLANK((VLOOKUP(EXPERIENCIA!$D$15,[1]OFERENTES!$A$8:$AH$1027,4,FALSE))),"",(VLOOKUP(EXPERIENCIA!$D$15,[1]OFERENTES!$A$8:$AH$1027,4,FALSE))),"") -> 1 | J19: CUMPLE | K19: 45624 | L19: SE CLASIFICA | M19: SE ANEXA | N19: =IF(EXPERIENCIA!M19="","",IF(EXPERIENCIA!M19="SE ANEXA","CUMPLE","NO CUMPLE")) -> CUMPLE | O19: CUMPLE | Q19: =IF($J$25="","",IF(COUNTIFS(EXPERIENCIA!$I$19:$I$24,">=0,1",EXPERIENCIA!$J$19:$J$24,"CUMPLE",EXPERIENCIA!$L$19:$L$24,"SE CLASIFICA"),"APLICA","NO CUMPLE")) -> APLICA | R19: =IF($N$19="","",IF(COUNTIFS($I$19:$I$24,">=0,1",$N$19:$N$24,"CUMPLE"),"CUMPLE","NO CUMPLE")) -> CUMPLE
A20: =IF(AND($I20>=10%,$N20="CUMPLE"),"V","F") -> F | B20: Integrante 2 | C20: =IF(AND($I20>=10%,$J20="CUMPLE",$L20="SE CLASIFICA"),"V","F") -> F | D20: =IF(EXPERIENCIA!$N$15="Proponente Plural",IF(ISBLANK((VLOOKUP(EXPERIENCIA!$D$15,[1]OFERENTES!$A$8:$H$1027,5,FALSE))),"",VLOOKUP(EXPERIENCIA!$D$15,[1]OFERENTES!$A$8:$H$1027,5,FALSE)),"") | I20: =IF(EXPERIENCIA!$D$15>0,IF(ISBLANK((VLOOKUP(EXPERIENCIA!$D$15,[1]OFERENTES!$A$8:$AH$1027,6,FALSE))),"",(VLOOKUP(EXPERIENCIA!$D$15,[1]OFERENTES!$A$8:$AH$1027,6,FALSE))),"") | N20: =IF(EXPERIENCIA!M20="","",IF(EXPERIENCIA!M20="SE ANEXA","CUMPLE","NO CUMPLE"))
A21: =IF(AND($I21>=10%,$N21="CUMPLE"),"V","F") -> F | B21: Integrante 3 | C21: =IF(AND($I21>=10%,$J21="CUMPLE",$L21="SE CLASIFICA"),"V","F") -> F | D21: =IF(EXPERIENCIA!$N$15="Proponente Plural",IF(ISBLANK((VLOOKUP(EXPERIENCIA!$D$15,[1]OFERENTES!$A$8:$H$1027,7,FALSE))),"",VLOOKUP(EXPERIENCIA!$D$15,[1]OFERENTES!$A$8:$H$1027,7,FALSE)),"") | I21: =IF(EXPERIENCIA!$D$15>0,IF(ISBLANK((VLOOKUP(EXPERIENCIA!$D$15,[1]OFERENTES!$A$8:$AH$1027,8,FALSE))),"",(VLOOKUP(EXPERIENCIA!$D$15,[1]OFERENTES!$A$8:$AH$1027,8,FALSE))),"") | N21: =IF(EXPERIENCIA!M21="","",IF(EXPERIENCIA!M21="SE ANEXA","CUMPLE","NO CUMPLE"))
A22: =IF(AND($I22>=10%,$N22="CUMPLE"),"V","F") -> F | B22: Integrante 4 | C22: =IF(AND($I22>=10%,$J22="CUMPLE",$L22="SE CLASIFICA"),"V","F") -> F | D22: =IF(EXPERIENCIA!$N$15="Proponente Plural",IF(ISBLANK((VLOOKUP(EXPERIENCIA!$D$15,[1]OFERENTES!$A$8:$AA$1027,9,FALSE))),"",VLOOKUP(EXPERIENCIA!$D$15,[1]OFERENTES!$A$8:$AA$1027,9,FALSE)),"") | I22: =IF(EXPERIENCIA!$D$15>0,IF(ISBLANK((VLOOKUP(EXPERIENCIA!$D$15,[1]OFERENTES!$A$8:$AH$1027,10,FALSE))),"",(VLOOKUP(EXPERIENCIA!$D$15,[1]OFERENTES!$A$8:$AH$1027,10,FALSE))),"") | N22: =IF(EXPERIENCIA!M22="","",IF(EXPERIENCIA!M22="SE ANEXA","CUMPLE","NO CUMPLE"))
A23: =IF(AND($I23>=10%,$N23="CUMPLE"),"V","F") -> F | B23: Integrante 5 | C23: =IF(AND($I23>=10%,$J23="CUMPLE",$L23="SE CLASIFICA"),"V","F") -> F | D23: =IF(EXPERIENCIA!$N$15="Proponente Plural",IF(ISBLANK((VLOOKUP(EXPERIENCIA!$D$15,[1]OFERENTES!$A$8:$AA$1027,11,FALSE))),"",VLOOKUP(EXPERIENCIA!$D$15,[1]OFERENTES!$A$8:$AA$1027,11,FALSE)),"") | I23: =IF(EXPERIENCIA!$N$15="Proponente Plural",IF(ISBLANK((VLOOKUP(EXPERIENCIA!$D$15,[1]OFERENTES!$A$8:$AA$1027,11,FALSE))),"",VLOOKUP(EXPERIENCIA!$D$15,[1]OFERENTES!$A$8:$AA$1027,11,FALSE)),"") | N23: =IF(EXPERIENCIA!M23="","",IF(EXPERIENCIA!M23="SE ANEXA","CUMPLE","NO CUMPLE"))
A24: =IF(AND($I24>=10%,$N24="CUMPLE"),"V","F") -> F | B24: Integrante 6 | C24: =IF(AND($I24>=10%,$J24="CUMPLE",$L24="SE CLASIFICA"),"V","F") -> F | D24: =IF(EXPERIENCIA!$N$15="Proponente Plural",IF(ISBLANK((VLOOKUP(EXPERIENCIA!$D$15,[1]OFERENTES!$A$8:$AA$1027,13,FALSE))),"",VLOOKUP(EXPERIENCIA!$D$15,[1]OFERENTES!$A$8:$AA$1027,13,FALSE)),"") | I24: =IF(EXPERIENCIA!$D$15>0,IF(ISBLANK((VLOOKUP(EXPERIENCIA!$D$15,[1]OFERENTES!$A$8:$AH$1027,14,FALSE))),"",(VLOOKUP(EXPERIENCIA!$D$15,[1]OFERENTES!$A$8:$AH$1027,14,FALSE))),"") | N24: =IF(EXPERIENCIA!M24="","",IF(EXPERIENCIA!M24="SE ANEXA","CUMPLE","NO CUMPLE"))
I25: =IF(I19="","",SUM(I19:I24)) -> 1 | J25: =IF(J19="","",IF(COUNTIF($J$19:$J$24,"NO CUMPLE"),"NO CUMPLE","CUMPLE")) -> CUMPLE | K25: =IF(K19="","",IF(COUNTIF($K$19:$K$24,"<2/11/2024")>=1,"NO CUMPLE","CUMPLE")) -> CUMPLE
E28: =IF(J19="NO",D19,"")
B29: 3. E X P E R I E N C I A R E Q U E R I D A.
B31: Experiencia solicitada: | D31: 10.1.1 CARACTERÍSTICAS DE LOS CONTRATOS PRESENTADOS PARA ACREDITAR LA EXPERIENCIA DEL PROPONENTE
D32: 1.1. PROYECTOS DE CONSTRUCCIÓN Y/O AMPLIACIÓN Y/O RECONSTRUCCIÓN DE INFRAESTRUCTURA CULTURAL. | F32: EXPERIENCIA GENERAL | J32: EXPERIENCIA ESPECIFICA | O32: % DIMENSIONAMIENTO | Q32: CLASIFICACIÓN UNSPSC
F33: CONSTRUCCIÓN Y/O AMPLIACIÓN Y/O RECONSTRUCCIÓN DE EDIFICACIONES. | J33: Por lo menos uno (1) de los contratos válidos aportados como experiencia general deben contemplar un área intervenida o construida igual o superior al (50%) del total de metros cuadrados del proceso de selección, el cual corresponde a 240 m2 | O33: Valor de F% 50% | Q33: 721214 721515 721519 721529
B36: VERIFICACIÓN CUMPLIMIENTO DE EXPERIENCIA REQUERIDA MATRIZ DE EXPERIENCIA
D39: ENTIDAD QUE CERTIFICA EL CONTRATO EJECUTADO | E39: INTEGRANTE que aporta la experiencia | F39: I, C , UT , OTRA | G39: % Participación | H39: Ubicación RUP | I39: Salarios Mínimos registrados en el RUP | J39: FECHA INICIO EJECUCIÓN | K39: FECHA DE TERMINACIÓN EJECUCIÓN | L39: AREA CERTIFICADA CUBIERTA CONTRATO | M39: EXPERIENCIA GENERAL ACTIVIDAD PRINCIPAL | N39: CLASIFICADOR DE BIENES Y SERVICIOS UNSPSC | O39: VERIFICACIÓN CERTIFICACIÓN | Q39: EXPERIENCIA ESPECIFICA ACTIVIDAD PRINCIPAL | R39: SMMLV APORTADOS INDIVIDUAL | S39: SMMLV APORTADOS PROPONENTE
B40: Certificación 1 | D40: UNIVERSIDAD DE SUCRE | E40: LAEL CONSTRUCCIONES S.A.S | F40: C | G40: 0.34 | H40: 8 | I40: 5563.54 | J40: 42885 | K40: 43845 | L40: 1898.4 | M40: Cumple | N40: Cumple | O40: =IF(D40="","",IF(AND($M40="CUMPLE",$N40="CUMPLE",$K40<$F$10),"VALIDA","NO VALIDA")) -> VALIDA | Q40: =IF($D40="","",IF($O40="NO VALIDA","",($L40*SUM($G$40:$G$42)))) -> 645.456 | R40: =IFERROR(ROUND(IF($D40="","",IF(AND($L$65="CUMPLE",$O40="VALIDA"),$I40*$G40,IF(AND($O40="VALIDA",$J40>35804),I40*$G40,""))),0),"") -> 1892 | S40: =IF(SUM(R40:R42)=0,"",SUM(R40:R42)) -> 1892
R41: =IFERROR(ROUND(IF($D40="","",IF(AND($L$65="CUMPLE",$O40="VALIDA"),$I40*$G41,IF(AND($O40="VALIDA",$J40>35804),I40*$G41,""))),0),"") -> 0
R42: =IFERROR(ROUND(IF($D40="","",IF(AND($L$65="CUMPLE",$O40="VALIDA"),$I40*$G42,IF(AND($O40="VALIDA",$J40>35804),I40*$G42,""))),0),"") -> 0
B43: Certificación 2 | O43: =IF(D43="","",IF(AND($M43="CUMPLE",$N43="CUMPLE",$K43<$F$10),"VALIDA","NO VALIDA")) | Q43: =IF($D43="","",IF($O43="NO VALIDA","",($L43*SUM($G$43:$G$45)))) | R43: =IFERROR(ROUND(IF($D43="","",IF(AND($L$65="CUMPLE",$O43="VALIDA"),$I43*$G43,IF(AND($O43="VALIDA",$J43>35804),I43*$G43,""))),0),"") | S43: =IF(SUM(R43:R45)=0,"",SUM(R43:R45))
R44: =IFERROR(ROUND(IF($D43="","",IF(AND($L$65="CUMPLE",$O43="VALIDA"),$I43*$G44,IF(AND($O43="VALIDA",$J43>35804),I43*$G44,""))),0),"")
R45: =IFERROR(ROUND(IF($D43="","",IF(AND($L$65="CUMPLE",$O43="VALIDA"),$I43*$G45,IF(AND($O43="VALIDA",$J43>35804),I43*$G45,""))),0),"")
B46: Certificación 3 | O46: =IF(D46="","",IF(AND($M46="CUMPLE",$N46="CUMPLE",$K46<$F$10),"VALIDA","NO VALIDA")) | Q46: =IF($D46="","",IF($O46="NO VALIDA","",($L46*SUM($G$46:$G$48)))) | R46: =IFERROR(ROUND(IF($D46="","",IF(AND($L$65="CUMPLE",$O46="VALIDA"),$I46*$G46,IF(AND($O46="VALIDA",$J46>35804),I46*$G46,""))),0),"") | S46: =IF(SUM(R46:R48)=0,"",SUM(R46:R48))
R47: =IFERROR(ROUND(IF($D46="","",IF(AND($L$65="CUMPLE",$O46="VALIDA"),$I46*$G47,IF(AND($O46="VALIDA",$J46>35804),I46*$G47,""))),0),"")
R48: =IFERROR(ROUND(IF($D46="","",IF(AND($L$65="CUMPLE",$O46="VALIDA"),$I46*$G48,IF(AND($O46="VALIDA",$J46>35804),I46*$G48,""))),0),"")
B49: Certificación 4 | O49: =IF(D49="","",IF(AND($M49="CUMPLE",$N49="CUMPLE",$K49<$F$10),"VALIDA","NO VALIDA")) | Q49: =IF($D49="","",IF($O49="NO VALIDA","",($L49*SUM($G$49:$G$51)))) | R49: =IFERROR(ROUND(IF($D49="","",IF(AND($L$65="CUMPLE",$O49="VALIDA"),$I49*$G49,IF(AND($O49="VALIDA",$J49>35804),I49*$G49,""))),0),"") | S49: =IF(SUM(R49:R51)=0,"",SUM(R49:R51))
R50: =IFERROR(ROUND(IF($D49="","",IF(AND($L$65="CUMPLE",$O49="VALIDA"),$I49*$G50,IF(AND($O49="VALIDA",$J49>35804),I49*$G50,""))),0),"")
R51: =IFERROR(ROUND(IF($D49="","",IF(AND($L$65="CUMPLE",$O49="VALIDA"),$I49*$G51,IF(AND($O49="VALIDA",$J49>35804),I49*$G51,""))),0),"")
B52: Certificación 5 | O52: =IF(D52="","",IF(AND($M52="CUMPLE",$N52="CUMPLE",$K52<$F$10),"VALIDA","NO VALIDA")) | Q52: =IF($D52="","",IF($O52="NO VALIDA","",($L52*SUM($G$52:$G$54)))) | R52: =IFERROR(ROUND(IF($D52="","",IF(AND($L$65="CUMPLE",$O52="VALIDA"),$I52*$G52,IF(AND($O52="VALIDA",$J52>35804),I52*$G52,""))),0),"") | S52: =IF(SUM(R52:R54)=0,"",SUM(R52:R54))
R53: =IFERROR(ROUND(IF($D52="","",IF(AND($L$65="CUMPLE",$O52="VALIDA"),$I52*$G53,IF(AND($O52="VALIDA",$J52>35804),I52*$G53,""))),0),"")
R54: =IFERROR(ROUND(IF($D52="","",IF(AND($L$65="CUMPLE",$O52="VALIDA"),$I52*$G54,IF(AND($O52="VALIDA",$J52>35804),I52*$G54,""))),0),"")
B55: Certificación 6 | O55: =IF(D55="","",IF(AND($M55="CUMPLE",$N55="CUMPLE",$K55<$F$10),"VALIDA","NO VALIDA")) | Q55: =IF($D55="","",IF($O55="NO VALIDA","",($L55*SUM($G$55:$G$57)))) | R55: =IFERROR(ROUND(IF($D55="","",IF(AND($L$65="CUMPLE",$O55="VALIDA"),$I55*$G55,IF(AND($O55="VALIDA",$J55>35804),I55*$G55,""))),0),"") | S55: =IF(SUM(R55:R57)=0,"",SUM(R55:R57))
R56: =IFERROR(ROUND(IF($D55="","",IF(AND($L$65="CUMPLE",$O55="VALIDA"),$I55*$G56,IF(AND($O55="VALIDA",$J55>35804),I55*$G56,""))),0),"")
R57: =IFERROR(ROUND(IF($D55="","",IF(AND($L$65="CUMPLE",$O55="VALIDA"),$I55*$G57,IF(AND($O55="VALIDA",$J55>35804),I55*$G57,""))),0),"")
B58: Certificación 7 | O58: =IF(D58="","",IF(AND($M58="CUMPLE",$N58="CUMPLE",$K58<$F$10),"VALIDA","NO VALIDA")) | Q58: =IF($D58="","",IF($O58="NO VALIDA","",($L58*SUM($G$58:$G$60)))) | R58: =IFERROR(ROUND(IF($D58="","",IF(AND($L$65="CUMPLE",$O58="VALIDA"),$I58*$G58,IF(AND($O58="VALIDA",$J58>35804),I58*$G58,""))),0),"") | S58: =IF(SUM(R58:R60)=0,"",SUM(R58:R60))
R59: =IFERROR(ROUND(IF($D58="","",IF(AND($L$65="CUMPLE",$O58="VALIDA"),$I58*$G59,IF(AND($O58="VALIDA",$J58>35804),I58*$G59,""))),0),"")
R60: =IFERROR(ROUND(IF($D58="","",IF(AND($L$65="CUMPLE",$O58="VALIDA"),$I58*$G60,IF(AND($O58="VALIDA",$J58>35804),I58*$G60,""))),0),"")
D61: NOTA 1: Las certificaciones con estado de certificación : VALIDA corresponden aquellas que cumplen con los requesitos exigidos de EXPERIENCIA GENERAL , CODIGOS UNSPSC y FECHA DE TERMINACIÓN sea para OBRA o ING. DETALLE
D62: NOTA 2: Los valores ejecutados de las certificaciones cuya fecha de inicio de ejecución son inferiores a la fecha de expedición de la NSR - 98 no seran tomados en cuenta en la sumatoria del valor minimo a certificar como porcentaje del presupuesto oficial expresado en SMMLV | Q62: SUMATORIA | S62: =SUM(S40:S58) -> 1892
Q63: 3.5.7. RELACIÓN DE LOS CONTRATOS FRENTE AL PRESUPUESTO OFICIAL La verificación se hará con base en la sumatoria de los valores totales ejecutados (incluido IVA) en SMMLV de los contratos que cumplan con los requisitos establecidos en este Pliego de Condiciones.
D64: NUMERAL | E64: LITERAL
D65: 3.5.1. CARACTERÍSTICAS DE LOS CONTRATOS PRESENTADOS PARA ACREDITAR LA EXPERIENCIA EXIGIDA | E65: E Y F | F65: CUMPLIMIENTO INICIO DE EJECUCIÓN DE LOS CONTRATOS POSTERIOR A NSR 98 - (09/01/1998) | L65: =IF($J$40="","",IF(COUNTIFS(EXPERIENCIA!$O$40:$O$60,"valida",EXPERIENCIA!$J$40:$J$60,">35804")>=COUNTIFS(EXPERIENCIA!$O$40:$O$60,"VALIDA")-1,"CUMPLE","NO CUMPLE")) -> CUMPLE
E66: G Y H | F66: CUMPLIMIENTO INICIO DE EJECUCIÓN DE LOS CONTRATOS POSTERIOR A NSR 10 - (15/07/2010) | L66: =IF($J$40="","",IF(COUNTIFS(EXPERIENCIA!$O$40:$O$60,"VALIDA",EXPERIENCIA!$J$40:$J$60,">15/7/2010")>=1,"CUMPLE","NO CUMPLE")) -> CUMPLE
E67: A | F67: CUMPLIMIENTO EXPERIENCIA ESPECIFICA DE LA ACTIVIDAD PRINCIPAL : ÁREA MINIMA OBRA : | J67: 0.5 | K67: =+R10 -> 120 | L67: =IF(O40="","",IF(GESTEP(_xlfn.MAXIFS($Q$40:$Q$60,$O$40:$O$60,"VALIDA"),$K$67)>=1,"CUMPLE","NO CUMPLE")) -> CUMPLE
F68: CUMPLIMIENTO PORCENTAJE DE DIMENSIONAMIENTO PRESUPUESTO ESTIMADO | I68: 0 | J68: TOTAL SMMLV | K68: =ROUND(L10*I68,0) -> 0 | L68: =IF(O40="","",IF(GESTEP(_xlfn.MAXIFS($S$40:$S$60,$O$40:$O$60,"VALIDA"),$K$68)>=1,"CUMPLE","NO CUMPLE")) -> CUMPLE
D69: 3.5.2. CONSIDERACIONES PARA LA VALIDEZ DE LA EXPERIENCIA REQUERIDA | E69: G Y H | F69: CUMPLIMIENTO LITERAL 3.5.2 PORCENTAJES DE ACREDITACIÓN POR INTEGRANTE | L69: =IF($D$80="","",IF(COUNTIF($J$80:$J$85,"CUMPLE")= (COUNTA($D$80:$D$85)-COUNTBLANK($D$80:$D$85)),"CUMPLE","NO CUMPLE")) -> CUMPLE
D70: 3.5.7. RELACIÓN DE LOS CONTRATOS FRENTE AL PRESUPUESTO OFICIAL | F70: VALOR MÍNIMO A CERTIFICAR (COMO % DEL PRESUPUESTO OFICIAL DE OBRA EXPRESADO EN SMMLV) | L70: =IF($J$76=0,"",IF(GESTEP(I77,J76)>=1,"CUMPLE","NO CUMPLE")) -> CUMPLE
B72: 3.5.7. RELACIÓN DE LOS CONTRATOS FRENTE AL PRESUPUESTO OFICIAL
D74: VERIFICACIÓN DEL VALOR MINIMO A CERTIFICAR COMO % DEL PRESUPUESTO OFICIAL DE OBRA EXPRESADO EN SMMLV NUMERAL 3,5,7 | L74: Número de contratos con los cuales el Proponente cumple la experiencia acreditada | O74: Valor mínimo a certificar (como % del Presupuesto Oficial de obra expresado en SMMLV)
D75: NÚMERO DE CONTRATOS APORTADO | I75: =COUNTA($D$40:$D$60) -> 1 | L75: De 1 hasta 2 | O75: 0.75
D76: VALOR MÍNIMO A CERTIFICAR (COMO % DEL PRESUPUESTO OFICIAL DE OBRA EXPRESADO EN SMMLV) | I76: =IF($I$75>=5,$O$77,IF($I$75>=3,$O$76,IF($I$75>=1,$O$75,"0"))) -> 0.75 | J76: =ROUND(I76*L10,2) -> 866.11 | L76: De 3 hasta 4 | O76: 1.2
D77: TOTAL SMMLV DE LOS CONTRATOS VALIDADOS QUE CUMPLE LA EXPERIENCIA | I77: =+S62 -> 1892 | L77: > a 5 Contratos | O77: 1.5 | U77: =COUNTIF(O40:O58,"VALIDA") -> 1
D79: INTEGRANTES PROPONENTE PLURAL | H79: Participación | I79: % Aportado SMMLV | J79: Numeral 3.5.2 literal D
D80: =IFERROR(IF(EXPERIENCIA!$N$15="Proponente Plural",IF(ISBLANK((VLOOKUP(EXPERIENCIA!$D$15,[1]OFERENTES!$A$8:$H$1027,3,FALSE))),"",VLOOKUP(EXPERIENCIA!$D$15,[1]OFERENTES!$A$8:$H$1027,3,FALSE)),VLOOKUP(EXPERIENCIA!$D$15,[1]OFERENTES!$A$8:$H$1027,3,FALSE)),"") -> LAEL CONSTRUCCIONES S.A.S | H80: =IF(EXPERIENCIA!$D$15>0,IF(ISBLANK((VLOOKUP(EXPERIENCIA!$D$15,[1]OFERENTES!$A$8:$AH$1027,4,FALSE))),"",(VLOOKUP(EXPERIENCIA!$D$15,[1]OFERENTES!$A$8:$AH$1027,4,FALSE))),"") -> 1 | I80: =IFERROR(ROUND((SUMIFS($R$40:$R$60,$E$40:$E$60,$D80)/$J$76),2),"") -> 2.18 | J80: =IF($H80="","",IF(COUNTIF($I$80:$I$85,">=50%")<1,"NO CUMPLE",IF($I80>=50%,"CUMPLE",IF($I80>=5%,"CUMPLE",IF(AND($I80=0%,$H80<10%),"CUMPLE","NO CUMPLE"))))) -> CUMPLE
D81: =IF(EXPERIENCIA!$N$15="Proponente Plural",IF(ISBLANK((VLOOKUP(EXPERIENCIA!$D$15,[1]OFERENTES!$A$8:$H$1027,5,FALSE))),"",VLOOKUP(EXPERIENCIA!$D$15,[1]OFERENTES!$A$8:$H$1027,5,FALSE)),"") | H81: =IF(EXPERIENCIA!$D$15>0,IF(ISBLANK((VLOOKUP(EXPERIENCIA!$D$15,[1]OFERENTES!$A$8:$AH$1027,6,FALSE))),"",(VLOOKUP(EXPERIENCIA!$D$15,[1]OFERENTES!$A$8:$AH$1027,6,FALSE))),"") | I81: =IFERROR(ROUND((SUMIFS($R$40:$R$60,$E$40:$E$60,$D81)/$J$76),2),"") -> 0 | J81: =IF($H81="","",IF(COUNTIF($I$80:$I$85,">=50%")<1,"NO CUMPLE",IF($I81>=50%,"CUMPLE",IF($I81>=5%,"CUMPLE",IF(AND($I81=0%,$H81<10%),"CUMPLE","NO CUMPLE")))))
D82: =IF(EXPERIENCIA!$N$15="Proponente Plural",IF(ISBLANK((VLOOKUP(EXPERIENCIA!$D$15,[1]OFERENTES!$A$8:$H$1027,7,FALSE))),"",VLOOKUP(EXPERIENCIA!$D$15,[1]OFERENTES!$A$8:$H$1027,7,FALSE)),"") | H82: =IF(EXPERIENCIA!$D$15>0,IF(ISBLANK((VLOOKUP(EXPERIENCIA!$D$15,[1]OFERENTES!$A$8:$AH$1027,8,FALSE))),"",(VLOOKUP(EXPERIENCIA!$D$15,[1]OFERENTES!$A$8:$AH$1027,8,FALSE))),"") | I82: =IFERROR(ROUND((SUMIFS($R$40:$R$60,$E$40:$E$60,$D82)/$J$76),2),"") -> 0 | J82: =IF($H82="","",IF(COUNTIF($I$80:$I$85,">=50%")<1,"NO CUMPLE",IF($I82>=50%,"CUMPLE",IF($I82>=5%,"CUMPLE",IF(AND($I82=0%,$H82<10%),"CUMPLE","NO CUMPLE")))))
D83: =IF(EXPERIENCIA!$N$15="Proponente Plural",IF(ISBLANK((VLOOKUP(EXPERIENCIA!$D$15,[1]OFERENTES!$A$8:$AA$1027,9,FALSE))),"",VLOOKUP(EXPERIENCIA!$D$15,[1]OFERENTES!$A$8:$AA$1027,9,FALSE)),"") | H83: =IF(EXPERIENCIA!$D$15>0,IF(ISBLANK((VLOOKUP(EXPERIENCIA!$D$15,[1]OFERENTES!$A$8:$AH$1027,10,FALSE))),"",(VLOOKUP(EXPERIENCIA!$D$15,[1]OFERENTES!$A$8:$AH$1027,10,FALSE))),"") | I83: =IFERROR(ROUND((SUMIFS($R$40:$R$60,$E$40:$E$60,$D83)/$J$76),2),"") -> 0 | J83: =IF($H83="","",IF(COUNTIF($I$80:$I$85,">=50%")<1,"NO CUMPLE",IF($I83>=50%,"CUMPLE",IF($I83>=5%,"CUMPLE",IF(AND($I83=0%,$H83<10%),"CUMPLE","NO CUMPLE")))))
D84: =IF(EXPERIENCIA!$N$15="Proponente Plural",IF(ISBLANK((VLOOKUP(EXPERIENCIA!$D$15,[1]OFERENTES!$A$8:$AA$1027,11,FALSE))),"",VLOOKUP(EXPERIENCIA!$D$15,[1]OFERENTES!$A$8:$AA$1027,11,FALSE)),"") | H84: =IF(EXPERIENCIA!$N$15="Proponente Plural",IF(ISBLANK((VLOOKUP(EXPERIENCIA!$D$15,[1]OFERENTES!$A$8:$AA$1027,11,FALSE))),"",VLOOKUP(EXPERIENCIA!$D$15,[1]OFERENTES!$A$8:$AA$1027,11,FALSE)),"") | I84: =IFERROR(ROUND((SUMIFS($R$40:$R$60,$E$40:$E$60,$D84)/$J$76),2),"") -> 0 | J84: =IF($H84="","",IF(COUNTIF($I$80:$I$85,">=50%")<1,"NO CUMPLE",IF($I84>=50%,"CUMPLE",IF($I84>=5%,"CUMPLE",IF(AND($I84=0%,$H84<10%),"CUMPLE","NO CUMPLE")))))
D85: =IF(EXPERIENCIA!$N$15="Proponente Plural",IF(ISBLANK((VLOOKUP(EXPERIENCIA!$D$15,[1]OFERENTES!$A$8:$AA$1027,13,FALSE))),"",VLOOKUP(EXPERIENCIA!$D$15,[1]OFERENTES!$A$8:$AA$1027,13,FALSE)),"") | H85: =IF(EXPERIENCIA!$D$15>0,IF(ISBLANK((VLOOKUP(EXPERIENCIA!$D$15,[1]OFERENTES!$A$8:$AH$1027,14,FALSE))),"",(VLOOKUP(EXPERIENCIA!$D$15,[1]OFERENTES!$A$8:$AH$1027,14,FALSE))),"") | I85: =IFERROR(ROUND((SUMIFS($R$40:$R$60,$E$40:$E$60,$D85)/$J$76),2),"") -> 0 | J85: =IF($H85="","",IF(COUNTIF($I$80:$I$85,">=50%")<1,"NO CUMPLE",IF($I85>=50%,"CUMPLE",IF($I85>=5%,"CUMPLE",IF(AND($I85=0%,$H85<10%),"CUMPLE","NO CUMPLE")))))
H86: =SUM(H80:H85) -> 1 | I86: =SUM(I80:I85) -> 2.18
B88: REQUERIMIENTOS AL PROPONENTE
B90: TEMAS | D90: OBSERVACIÓN | J90: CUMPLIMIENTO PLIEGO DE CONDICIONES | Q90: SOLICITUD Y /O ACLARACIÓN | R90: REVISIÓN SUBSANACIÓN | S90: OBSERVACIÓN SUBSANACIÓN
B92: ANEXO 3 | D92: =IFERROR(IF($O$19="NO CUMPLE",[1]RESPUESTAS!$D$3,[1]RESPUESTAS!$C$3),"") -> SIN OBSERVACIONES | J92: =+[1]RESPUESTAS!H3 -> Numeral 3.1 GENERALIDADES literal C (...) Todos los proponentes deben diligenciar el Formato 3 – Experiencia y los Proponentes extranjeros sin domicilio o sin sucursal en Colombia deben diligenciar adicionalmente el Formato 4 – Capacidad financiera y organizacional para extranjeros y adjuntar los soportes que ahí se definen..(...) Numeral 1.6 REGLAS DE SUBSANABILIDAD, EXPLICACIONES Y ACLARACIONES (...) la Entidad debe solicitar a los Proponentes durante el proceso de evaluación, y a más tardar en el informe de evaluación, las aclaraciones, precisiones o solicitudes de documentos que puedan ser subsanables. No obstante, los Proponentes no podrán completar, adicionar, modificar o mejorar sus propuestas en los aspectos que otorgan puntaje, ni tampoco en los factores de desempate, los cuales podrán ser objeto de aclaraciones y explicaciones. Los Proponentes deberán allegar las aclaraciones o documentos requeridos en el momento en el que fueron requeridos y a más tardar hasta el término de traslado del informe de evaluación (...) | Q92: =IF($O$19="NO","SUBSANAR DOCUMENTO","SIN OBSERVACIONES") -> SIN OBSERVACIONES
B93: VIGENCIA & FIRMEZA DEL RUP | D93: =IFERROR(IF($J$25="NO CUMPLE",[1]RESPUESTAS!$E$4,[1]RESPUESTAS!$C$4),"") -> SIN OBSERVACIONES | J93: =+[1]RESPUESTAS!H4 -> Numeral 3.5 EXPERIENCIA (...) La evaluación de los Proponentes se efectuará de acuerdo con la experiencia contenida en el Registro Único de Proponentes (RUP) vigente y en firme antes del cierre del proceso.(...) Numeral 1.15 CAUSALES DE RECHAZO E. Que la inscripción en el Registro Único de Proponentes (RUP) que realice el Proponente, por primera vez o cuando han cesado los efectos y debe volver a inscribirse, no esté en firme en la fecha prevista para el cierre del procedimiento de selección. | Q93: =IF(D93="SIN OBSERVACIONES","SIN OBSERVACIONES","OFERTA RECHAZADA") -> SIN OBSERVACIONES
B94: FECHA EXPEDICIÓN RUP | D94: =IFERROR(IF($K$25="NO CUMPLE",[1]RESPUESTAS!$E$5,[1]RESPUESTAS!$C$5),"") -> SIN OBSERVACIONES | J94: =+[1]RESPUESTAS!H5 -> Numeral 3.1 GENERALIDADES literal D (...) Los Proponentes obligados a estar inscritos en el Registro Único de Proponentes (RUP), deben aportar el certificado con fecha de expedición no mayor a treinta (30) días calendario anteriores a la fecha de cierre del Proceso de Contratación. En caso de modificarse la fecha de cierre del proceso, se tendrá como referencia para establecer el plazo de vigencia del certificado la originalmente indicada en el Pliego de Condiciones.(...) Numeral 1.6 REGLAS DE SUBSANABILIDAD, EXPLICACIONES Y ACLARACIONES (...) la Entidad debe solicitar a los Proponentes durante el proceso de evaluación, y a más tardar en el informe de evaluación, las aclaraciones, precisiones o solicitudes de documentos que puedan ser subsanables. No obstante, los Proponentes no podrán completar, adicionar, modificar o mejorar sus propuestas en los aspectos que otorgan puntaje, ni tampoco en los factores de desempate, los cuales podrán ser objeto de aclaraciones y explicaciones. Los Proponentes deberán allegar las aclaraciones o documentos requeridos en el momento en el que fueron requeridos y a más tardar hasta el término de traslado del informe de evaluación (...) | Q94: =IF($D94="sin observaciones","SIN OBSERVACIONES","SUBSANAR DOCUMENTO") -> SIN OBSERVACIONES
B95: MIPYME | D95: RELACIONADA CON PORCENTAJE DE PARTICIPACIÓN | E95: =IFERROR(IF(AND($Q$19="NO",COUNTIFS(EXPERIENCIA!$I$19:$I$24,"<10%",EXPERIENCIA!$L$19:$L$24,"SE CLASIFICA")>0),[1]RESPUESTAS!$F$6,[1]RESPUESTAS!$C$6),"") -> SIN OBSERVACIONES | J95: =+[1]RESPUESTAS!H6 -> 3.5.1. CARACTERÍSTICAS DE LOS CONTRATOS PRESENTADOS PARA ACREDITAR LA EXPERIENCIA EXIGIDA Literal C párrafo 4 y 6 (...) Para el caso de Proponentes Plurales bastará con que uno de sus integrantes tenga una participación igual o superior al diez por ciento (10 %) en el Consorcio o en la Unión Temporal y pruebe la calidad de MiPymes o emprendimiento y empresa de mujer de conformidad con lo previsto en el artículo 2.2.1.13.2.2 del Decreto 1074 de 2015 y los artículos 2.2.1.2.4.2.4. y 2.2.1.2.4.2.14 del Decreto 1082 de 2015 o las normas que los modifiquen, sustituyan o complementen(...) (...) Para acreditar la condición de MiPymes, el Proponente entregará copia del certificado del Registro Único de Proponentes, el cual deberá encontrarse vigente y en firme al momento de su presentación.(...) | Q95: =IF(E95="SIN OBSERVACIONES","SIN OBSERVACIONES","NO SE OTORGA CONDICION MIPYME") -> SIN OBSERVACIONES
D96: RELACIONADO CON EL CUMPLIMIENTO DEL RUP | E96: =IFERROR(IF(AND(IFERROR(VLOOKUP(EXPERIENCIA!$D$15,[1]OFERENTES!$A$8:$AA$107,26,FALSE),"")="Proponente Plural",$Q$19="no",COUNTIFS(EXPERIENCIA!$J$19:$J$24,"NO",EXPERIENCIA!$L$19:$L$24,"SI")>0),[1]RESPUESTAS!$E$6,IF(AND(IFERROR(VLOOKUP(EXPERIENCIA!$D$15,[1]OFERENTES!$A$8:$AA$107,26,FALSE),"")="Único Proponente",$Q$19="no",COUNTIFS(EXPERIENCIA!$J$19:$J$24,"NO",EXPERIENCIA!$L$19:$L$24,"SI")>0),[1]RESPUESTAS!D6,[1]RESPUESTAS!$C$6)),"") -> SIN OBSERVACIONES | Q96: =IF(E96="SIN OBSERVACIONES","SIN OBSERVACIONES","OFERTA RECHAZADA") -> SIN OBSERVACIONES
B97: EMPRENDIMIENTO MUJERES FORMATO 3 | D97: RELACIONADA CON PORCENTAJE DE PARTICIPACIÓN | E97: =IFERROR(IF(AND(IFERROR(VLOOKUP(EXPERIENCIA!$D$15,[1]OFERENTES!$A$8:$AA$107,26,FALSE),"")="Proponente Plural",$R$19="NO",COUNTIFS(EXPERIENCIA!$I$19:$I$24,"<10%",EXPERIENCIA!$N$19:$N$24,"si")>0),[1]RESPUESTAS!$E$7,IF(AND(IFERROR(VLOOKUP(EXPERIENCIA!$D$15,[1]OFERENTES!$A$8:$AA$107,26,FALSE),"")="Único Proponente",$R$19="NO",COUNTIFS(EXPERIENCIA!$I$19:$I$24,"<10%",EXPERIENCIA!$N$19:$N$24,"si")>0),[1]RESPUESTAS!$D$7,[1]RESPUESTAS!$C$7)),"") -> SIN OBSERVACIONES | J97: =+[1]RESPUESTAS!H7 -> 3.5.1. CARACTERÍSTICAS DE LOS CONTRATOS PRESENTADOS PARA ACREDITAR LA EXPERIENCIA EXIGIDA Literal C párrafo 4 y 6 (...) Para el caso de Proponentes Plurales bastará con que uno de sus integrantes tenga una participación igual o superior al diez por ciento (10 %) en el Consorcio o en la Unión Temporal y pruebe la calidad de MiPymes o emprendimiento y empresa de mujer de conformidad con lo previsto en el artículo 2.2.1.13.2.2 del Decreto 1074 de 2015 y los artículos 2.2.1.2.4.2.4. y 2.2.1.2.4.2.14 del Decreto 1082 de 2015 o las normas que los modifiquen, sustituyan o complementen(...) (...)Por su parte, la condición de emprendimientos y/o empresas de mujeres, se realizará mediante el diligenciamiento del Formato 13 – Acreditación de emprendimientos y empresas de mujeres, el cual deberá aportarse con la documentación requerida en el artículo 2.2.1.2.4.2.14 del Decreto 1082 de 2015, o la norma que lo modifique, complemente o sustituya.(...) | Q97: =IF(E97="SIN OBSERVACIONES","SIN OBSERVACIONES","NO SE OTORGA CONDICION EMPRENDIMIENTO O EMPRESA MUJER") -> SIN OBSERVACIONES
D98: RELACIONADO CON EL CUMPLIMIENTO DEL RUP | E98: =IFERROR(IF($R$19="NO CUMPLE",[1]RESPUESTAS!$F$7,[1]RESPUESTAS!$C$7),"") -> SIN OBSERVACIONES | Q98: =IF(E98="SIN OBSERVACIONES","SIN OBSERVACIONES","NO SE OTORGA CONDICION EMPRENDIMIENTO O EMPRESA MUJER") -> SIN OBSERVACIONES
B100: REVISIÓN RELACIONADA CON LA EXPERIENCIA APORTADA
B102: TEMAS | D102: OBSERVACIÓN | J102: DETALLE DE LA OBSERVACIÓN | Q102: SOLICITUD Y /O ACLARACIÓN | R102: REVISIÓN SUBSANACIÓN | S102: OBSERVACIÓN SUBSANACIÓN
B104: Certificación 1 | D104: RELACIONADA CON LA EXPERIENCIA GENERAL | E104: =IFERROR(IF($O$40="NO VALIDA",IF(OR($M$40="NO CUMPLE",$N40="NO CUMPLE"),[1]RESPUESTAS!$D$8,"SIN OBSERVACIONES"),"SIN OBSERVACIONES"),"") -> SIN OBSERVACIONES | Q104: =IF($E104="sin observaciones","SIN OBSERVACIONES","SUBSANAR DOCUMENTO") -> SIN OBSERVACIONES | R104: Se adjunta en la subsanación la certificación de la oficina de planeación, en donde se indica el área intervenida del proyecto (1898.40m2), tambien se adjunta el acta de liquidación en donde se indica fecha de inicio y terminación.
D105: RELACIONADA CON LO CODIGOS UNSPSC - CLASIFICADOR DE BIENES Y SERVICIOS | E105: =IFERROR(IF($O$40="NO VALIDA",IF(OR($M$40="NO CUMPLE",$N$40="NO CUMPLE"),[1]RESPUESTAS!$D$9,"SIN OBSERVACIONES"),"SIN OBSERVACIONES"),"") -> SIN OBSERVACIONES | Q105: =IF($E105="sin observaciones","SIN OBSERVACIONES","SUBSANAR DOCUMENTO") -> SIN OBSERVACIONES
D106: RELACIONADA CON LA FECHA DE TERMINACIÓN DE EJECUCIÓN | E106: =IFERROR(IF($O$40="NO VALIDA",IF($K$40>$F$10,[1]RESPUESTAS!$D$10,"SIN OBSERVACIONES"),"SIN OBSERVACIONES"),"") -> SIN OBSERVACIONES | Q106: =IF($E106="sin observaciones","SIN OBSERVACIONES","SUBSANAR DOCUMENTO") -> SIN OBSERVACIONES
B107: Certificación 2 | D107: RELACIONADA CON LA EXPERIENCIA GENERAL | E107: =IFERROR(IF($O$43="NO VALIDA",IF(OR($M$43="NO CUMPLE",$N$43="NO CUMPLE"),[1]RESPUESTAS!$D$8,"SIN OBSERVACIONES"),"SIN OBSERVACIONES"),"") -> SIN OBSERVACIONES | Q107: =IF($E107="sin observaciones","SIN OBSERVACIONES","SUBSANAR DOCUMENTO") -> SIN OBSERVACIONES
D108: RELACIONADA CON LO CODIGOS UNSPSC - CLASIFICADOR DE BIENES Y SERVICIOS | E108: =IFERROR(IF($O$43="NO VALIDA",IF(OR($M$43="NO CUMPLE",$N$43="NO CUMPLE"),[1]RESPUESTAS!$D$8,"SIN OBSERVACIONES"),"SIN OBSERVACIONES"),"") -> SIN OBSERVACIONES | Q108: =IF($E108="sin observaciones","SIN OBSERVACIONES","SUBSANAR DOCUMENTO") -> SIN OBSERVACIONES
D109: RELACIONADA CON LA FECHA DE TERMINACIÓN DE EJECUCIÓN | E109: =IFERROR(IF($O$43="NO VALIDA",IF($K$43>$F$10,[1]RESPUESTAS!$D$10,"SIN OBSERVACIONES"),"SIN OBSERVACIONES"),"") -> SIN OBSERVACIONES | Q109: =IF($E109="sin observaciones","SIN OBSERVACIONES","SUBSANAR DOCUMENTO") -> SIN OBSERVACIONES
B110: Certificación 3 | D110: RELACIONADA CON LA EXPERIENCIA GENERAL | E110: =IFERROR(IF($O$46="NO VALIDA",IF(OR($M$46="NO CUMPLE",$N$46="NO CUMPLE"),[1]RESPUESTAS!$D$8,"SIN OBSERVACIONES"),"SIN OBSERVACIONES"),"") -> SIN OBSERVACIONES | Q110: =IF($E110="sin observaciones","SIN OBSERVACIONES","SUBSANAR DOCUMENTO") -> SIN OBSERVACIONES
D111: RELACIONADA CON LO CODIGOS UNSPSC - CLASIFICADOR DE BIENES Y SERVICIOS | E111: =IFERROR(IF($O$46="NO VALIDA",IF(OR($M$46="NO CUMPLE",$N$46="NO CUMPLE"),[1]RESPUESTAS!$D$8,"SIN OBSERVACIONES"),"SIN OBSERVACIONES"),"") -> SIN OBSERVACIONES | Q111: =IF($E111="sin observaciones","SIN OBSERVACIONES","SUBSANAR DOCUMENTO") -> SIN OBSERVACIONES
D112: RELACIONADA CON LA FECHA DE TERMINACIÓN DE EJECUCIÓN | E112: =IFERROR(IF($O$46="NO VALIDA",IF($K$46>$F$10,[1]RESPUESTAS!$D$10,"SIN OBSERVACIONES"),"SIN OBSERVACIONES"),"") -> SIN OBSERVACIONES | Q112: =IF($E112="sin observaciones","SIN OBSERVACIONES","SUBSANAR DOCUMENTO") -> SIN OBSERVACIONES
B113: Certificación 4 | D113: RELACIONADA CON LA EXPERIENCIA GENERAL | E113: =IFERROR(IF($O$49="NO VALIDA",IF(OR($M$49="NO CUMPLE",$N$49="NO CUMPLE"),[1]RESPUESTAS!$D$8,"SIN OBSERVACIONES"),"SIN OBSERVACIONES"),"") -> SIN OBSERVACIONES | Q113: =IF($E113="sin observaciones","SIN OBSERVACIONES","SUBSANAR DOCUMENTO") -> SIN OBSERVACIONES
D114: RELACIONADA CON LO CODIGOS UNSPSC - CLASIFICADOR DE BIENES Y SERVICIOS | E114: =IFERROR(IF($O$49="NO VALIDA",IF(OR($M$49="NO CUMPLE",$N$49="NO CUMPLE"),[1]RESPUESTAS!$D$8,"SIN OBSERVACIONES"),"SIN OBSERVACIONES"),"") -> SIN OBSERVACIONES | Q114: =IF($E114="sin observaciones","SIN OBSERVACIONES","SUBSANAR DOCUMENTO") -> SIN OBSERVACIONES
D115: RELACIONADA CON LA FECHA DE TERMINACIÓN DE EJECUCIÓN | E115: =IFERROR(IF($O$49="NO VALIDA",IF($K$49>$F$10,[1]RESPUESTAS!$D$10,"SIN OBSERVACIONES"),"SIN OBSERVACIONES"),"") -> SIN OBSERVACIONES | Q115: =IF($E115="sin observaciones","SIN OBSERVACIONES","SUBSANAR DOCUMENTO") -> SIN OBSERVACIONES
B116: Certificación 5 | D116: RELACIONADA CON LA EXPERIENCIA GENERAL | E116: =IFERROR(IF($O$52="NO VALIDA",IF(OR($M$52="NO CUMPLE",$N$52="NO CUMPLE"),[1]RESPUESTAS!$D$8,"SIN OBSERVACIONES"),"SIN OBSERVACIONES"),"") -> SIN OBSERVACIONES | Q116: =IF($E116="sin observaciones","SIN OBSERVACIONES","SUBSANAR DOCUMENTO") -> SIN OBSERVACIONES
D117: RELACIONADA CON LO CODIGOS UNSPSC - CLASIFICADOR DE BIENES Y SERVICIOS | E117: =IFERROR(IF($O$52="NO VALIDA",IF(OR($M$52="NO CUMPLE",$N$52="NO CUMPLE"),[1]RESPUESTAS!$D$8,"SIN OBSERVACIONES"),"SIN OBSERVACIONES"),"") -> SIN OBSERVACIONES | Q117: =IF($E117="sin observaciones","SIN OBSERVACIONES","SUBSANAR DOCUMENTO") -> SIN OBSERVACIONES
D118: RELACIONADA CON LA FECHA DE TERMINACIÓN DE EJECUCIÓN | E118: =IFERROR(IF($O$52="NO VALIDA",IF($K$52>$F$10,[1]RESPUESTAS!$D$10,"SIN OBSERVACIONES"),"SIN OBSERVACIONES"),"") -> SIN OBSERVACIONES | Q118: =IF($E118="sin observaciones","SIN OBSERVACIONES","SUBSANAR DOCUMENTO") -> SIN OBSERVACIONES
B119: Certificación 6 | D119: RELACIONADA CON LA EXPERIENCIA GENERAL | E119: =IFERROR(IF($O$55="NO VALIDA",IF(OR($M$55="NO CUMPLE",$N$55="NO CUMPLE"),[1]RESPUESTAS!$D$8,"SIN OBSERVACIONES"),"SIN OBSERVACIONES"),"") -> SIN OBSERVACIONES | Q119: =IF($E119="sin observaciones","SIN OBSERVACIONES","SUBSANAR DOCUMENTO") -> SIN OBSERVACIONES
D120: RELACIONADA CON LO CODIGOS UNSPSC - CLASIFICADOR DE BIENES Y SERVICIOS | E120: =IFERROR(IF($O$55="NO VALIDA",IF(OR($M$55="NO CUMPLE",$N$55="NO CUMPLE"),[1]RESPUESTAS!$D$8,"SIN OBSERVACIONES"),"SIN OBSERVACIONES"),"") -> SIN OBSERVACIONES | Q120: =IF($E120="sin observaciones","SIN OBSERVACIONES","SUBSANAR DOCUMENTO") -> SIN OBSERVACIONES
D121: RELACIONADA CON LA FECHA DE TERMINACIÓN DE EJECUCIÓN | E121: =IFERROR(IF($O$55="NO VALIDA",IF($K$55>$F$10,[1]RESPUESTAS!$D$10,"SIN OBSERVACIONES"),"SIN OBSERVACIONES"),"") -> SIN OBSERVACIONES | Q121: =IF($E121="sin observaciones","SIN OBSERVACIONES","SUBSANAR DOCUMENTO") -> SIN OBSERVACIONES
B122: Certificación 7 | D122: RELACIONADA CON LA EXPERIENCIA GENERAL | E122: =IFERROR(IF($O$58="NO VALIDA",IF(OR($M$58="NO CUMPLE",$N$58="NO CUMPLE"),[1]RESPUESTAS!$D$8,"SIN OBSERVACIONES"),"SIN OBSERVACIONES"),"") -> SIN OBSERVACIONES | Q122: =IF($E122="sin observaciones","SIN OBSERVACIONES","SUBSANAR DOCUMENTO") -> SIN OBSERVACIONES
D123: RELACIONADA CON LO CODIGOS UNSPSC - CLASIFICADOR DE BIENES Y SERVICIOS | E123: =IFERROR(IF($O$58="NO VALIDA",IF(OR($M$58="NO CUMPLE",$N$58="NO CUMPLE"),[1]RESPUESTAS!$D$8,"SIN OBSERVACIONES"),"SIN OBSERVACIONES"),"") -> SIN OBSERVACIONES | Q123: =IF($E123="sin observaciones","SIN OBSERVACIONES","SUBSANAR DOCUMENTO") -> SIN OBSERVACIONES
D124: RELACIONADA CON LA FECHA DE TERMINACIÓN DE EJECUCIÓN | E124: =IFERROR(IF($O$58="NO VALIDA",IF($K$58>$F$10,[1]RESPUESTAS!$D$10,"SIN OBSERVACIONES"),"SIN OBSERVACIONES"),"") -> SIN OBSERVACIONES | Q124: =IF($E124="sin observaciones","SIN OBSERVACIONES","SUBSANAR DOCUMENTO") -> SIN OBSERVACIONES
B126: TEMAS | D126: OBSERVACIÓN | J126: CUMPLIMIENTO PLIEGO DE CONDICIONES | Q126: SOLICITUD Y /O ACLARACIÓN | R126: REVISIÓN SUBSANACIÓN | S126: OBSERVACIÓN SUBSANACIÓN
...

Sheet PONDERACIÓN
B1: EVALUACIÓN CRITERIOS PONDERABLES | G1: =+[1]OFERENTES!C2 -> MC-LP-010-2024 | K1: 1 | L1: Lebrija
J2: No | K2: 2 | L2: San Jacinto
A3: CONSECUTIVO: | B3: =+EXPERIENCIA!D15 -> 45 | C3: NOMBRE PROPONENTE | D3: =IF($B$3>0,(VLOOKUP($B$3,[1]OFERENTES!$A$8:$W$1027,2,FALSE)),"") -> LAEL CONSTRUCCIONES S.A.S | F3: TIPO PROPONENTE | G3: =IFERROR(VLOOKUP($B$3,[1]OFERENTES!$A$8:$AA$1027,26,FALSE),"") -> Proponente Individual
F5: ESTADO FINAL PROPONENTE | G5: =IFERROR(VLOOKUP($B$3,[1]OFERENTES!$A$8:$S$31,19,FALSE),"")
A7: FORMATO 7 - FACTOR DE CALIDAD
A8: Requisitos de Verificación | F8: Verificación Cumplimiento (SI/NO) | G8: PUNTAJE | H8: PUNTAJE OBTENIDO
A9: ¿El Proponente presenta EL ANEXO 7A – Programa de gerencia de proyectos,? | F9: SI | G9: 10 | H9: =IF(AND($F$9="SI",$F$10="NO")=TRUE,G9,IF(AND($F$9="si",$F$10="si"),$G$9-$G$10,0)) -> 10
A10: El Proponente o uno de sus integrantes cuentan con alguna anotación vigente que repose en el registro nacional de obras civiles inconclusas (https://obrasinconclusas.contraloria.gov.co/) - (Ley 2020 de 2020) | E10: https://obrasinconclusas.contraloria.gov.co/ | F10: NO | G10: 1 | J10: https://obrasinconclusas.contraloria.gov.co/
A12: Observaciones: | B12: Relacionadas con el ANEXO 7A | C12: =IF($F$9="NO",[1]RESPUESTAS!$D$19,[1]RESPUESTAS!$C$19) -> SIN OBSERVACIONES
B13: Relacionadas con el Registro Nacional de Obras Civiles Inconclusas | C13: =IF($F$10="SI",[1]RESPUESTAS!$E$19,[1]RESPUESTAS!$C$19) -> SIN OBSERVACIONES
B14: CONDICIONES DEL PLIEGO | C14: =+[1]RESPUESTAS!H19 -> 4.2. FACTOR DE CALIDAD La Entidad asignará el puntaje de factor de calidad como sigue: (i) implementación del programa de gerencia de proyectos; 10 puntos Las Entidades Estatales deben consultar y analizar las anotaciones vigentes que reposen en el Registro Nacional de Obras Civiles Inconclusas, de que trata la Ley 2020 de 2020. En el evento que las personas naturales o jurídicas, nacionales o extranjeras domiciliadas o con Sucursal en Colombia, o integrantes de Proponentes Plurales, cuenten con alguna anotación vigente de obra civil inconclusa, en el mencionado registro, SE DESCONTARÁ UN (1) punto de la sumatoria obtenida en relación con el factor de calidad. 4.2.1. IMPLEMENTACIÓN DEL PROGRAMA DE GERENCIA DE PROYECTOS La Entidad asignará 10 al Proponente que se comprometa a instaurar un programa de gerencia de proyectos mediante la suscripción del FORMATO 7A – Programa de gerencia de proyectos, en el cual bajo la gravedad de juramento conste el compromiso que en este sentido asume.
A16: FORMATO 12 - FACTOR DE SOSTENIBILIDAD TÉCNICO AMBIENTAL AGREGADO
A17: Requisitos de Verificación | F17: Verificación Cumplimiento (SI/NO) | G17: PUNTAJE | H17: PUNTAJE OBTENIDO
A18: ¿El Proponente presenta el Formato 12 - Factor de Sostenibilidad firmado por el proponente o su Representan Legal comprometiéndose a: una (1) estación de ciclo-parqueaderos empleando materiales reciclados, el cual puede ser de forma horizontal o vertical, según la disponibilidad de espacio que cuente el predio en el cual serán adelantado el proyecto de infraestructura social | F18: SI | G18: 9 | H18: =IF(F18="SI",9,0) -> 9
A19: Observaciones: | B19: Relacionadas con el FORMATO 12 | C19: =IF($F$18="NO",[1]RESPUESTAS!$D$20,[1]RESPUESTAS!$C$20) -> SIN OBSERVACIONES
B20: CONDICIONES DEL PLIEGO | C20: =+[1]RESPUESTAS!H20 -> 4.3. FACTORES DE SOSTENIBILIDAD TÉCNICO AMBIENTAL AGREGADO La Entidad asignará un puntaje de nueve (9) puntos al proponente que se comprometa a ofrecer alguno de los elementos que conforman el factor de sostenibilidad técnico ambiental agregado, mediante la suscripción del Formato 12, en el cual bajo la gravedad de juramento conste el compromiso que asume y el ofrecimiento realizado. Los ofrecimientos efectuados serán opcionales para los Proponentes que producto del análisis hecho se encuentren en la capacidad de materializarlos y cumplirlos, por lo que los Proponentes que no presenten el Formato 12 no serán acreedores de puntaje por este factor.
A22: Formato 9 - Puntaje apoyo a la industria nacional
A23: PROMOCIÓN DE SERVICIOS NACIONALES O CON TRATO NACIONAL | F23: Verificación Cumplimiento (SI/NO) | G23: PUNTAJE | H23: PUNTAJE OBTENIDO
A24: Formato 9 A – Promoción de Servicios Nacionales o con Trato Nacional | F24: SI | G24: 20 | H24: =IF($F$42="SI",$G$42,IF(AND($F$28="SI",$F$24="SI",COUNTIF($F$25:$F$27,"SI")>=1,$F$29="SI"),$F$30,IF(AND($F$28="NO",$F$24="SI",COUNTIF($F$25:$F$27,"SI")>=1),20,0))) -> 20
A25: A. Persona natural colombiana: La cédula de ciudadanía del Proponente.
A26: B. Persona natural extranjera residente en Colombia: La visa de residencia que le permita la ejecución del objeto contractual de conformidad con la ley.
A27: C. Persona jurídica constituida en Colombia: El certificado de existencia y representación legal emitido por alguna de las cámaras de comercio del país. | F27: SI
A28: AL PROCESO LE APLICA EL USO DE BIENES RELEANTES? | F28: SI
A29: El Proponentes que se comprometan a adquirir uno, varios o todos los bienes nacionales relevantes para el cumplimiento del contrato? | F29: SI
A30: Total bienes Relevantes | B30: =COUNTA(B34:D41) -> 3 | C30: Total bienes relevantes comprometidos a adquirir | D30: =COUNTIF($F$34:$F$41,"SI") -> 3 | E30: PUNTAJE PROPORCIONAL POR BIENES RELEVANTES | F30: =(IF(F34="SI",E34,0))+(IF(F35="SI",E35,0))+(IF(F36="SI",E36,0))+(IF(F37="SI",E37,0)) -> 20
A31: RELACION DE BIENES RELEVANTES
A33: N° | B33: Bien nacional relevante | E33: Puntaje individual de cada bien | F33: Compromiso Bien relevante
A34: 1. | B34: Malla Electrosoldada | E34: 8.47 | F34: SI
A35: 2. | B35: Acero De Refuerzo 60000 PSI | E35: 8.47 | F35: SI
A36: 3 | B36: Placa de contrapiso en concreto reforzado (Cemento Portland Gris) | E36: 3.06 | F36: SI
A42: INCORPORACIÓN DE COMPONENTE NACIONAL EN SERVICIOS EXTRANJEROS Formato 9B – Incorporación de Componente Nacional en Servicios Extranjeros El proponente manifiesta bajo la gravedad de juramento que incorporará en la ejecución del contrato más del noventa por ciento (90%) de personal técnico, operativo y profesional de origen Colombiano | F42: NO | G42: 5
A43: Observaciones: | B43: Relacionadas con los anexos 9A Y 9B | C43: =IF(AND($F$24="",$F$42=""),"",IF(AND($F$24="NO",$F$42="NO"),[1]RESPUESTAS!$E$21,IF($F$24="NO",[1]RESPUESTAS!$D$21,IF(AND($F$24="SI",COUNTIF($F$25:$F$27,"SI")=0),[1]RESPUESTAS!$G$21,IF($F$42="NO",[1]RESPUESTAS!$F$21,[1]RESPUESTAS!$C$21))))) -> El Proponente NO ANEXO el FORMATO 9B – INCORPORACIÓN DE COMPONENTE NACIONAL EN SERVICIOS EXTRANJEROS , por lo cual no se realizará la asignación del puntaje establecido (5 puntos.)
B44: Relacionadas con los BIENES RELEVANTES | C44: =IF(F28="NO",[1]RESPUESTAS!E22,[1]RESPUESTAS!D22) -> SIN OBSERVACIONES
B45: CONDICIONES PLIEGO | C45: =[1]RESPUESTAS!H21 -> 4.4.1.1. ACREDITACIÓN DEL PUNTAJE POR SERVICIOS NACIONALES O CON TRATO NACIONAL (...)Para que el Proponente nacional obtenga puntaje por Servicios Nacionales debe presentar, además del Formato 9 A – Promoción de Servicios Nacionales o con Trato Nacional, alguno de los siguientes documentos, según corresponda: A. Persona natural colombiana: La cédula de ciudadanía del Proponente. B. Persona natural extranjera residente en Colombia: La visa de residencia que le permita la ejecución del objeto contractual de conformidad con la ley. C. Persona jurídica constituida en Colombia: El certificado de existencia y representación legal emitido por alguna de las cámaras de comercio del país. El Proponente nacional podrá subsanar la falta de presentación de la cédula de ciudadanía o del certificado de existencia y representación legal para acreditar el requisito habilitante de capacidad jurídica. No obstante, no podrá subsanar esta circunstancia para la asignación del puntaje por Promoción de Servicios Nacionales o con Trato Nacional.(...) 4.4.2. INCORPORACIÓN DE COMPONENTE NACIONAL EN SERVICIOS EXTRANJEROS (...) Para recibir el puntaje por incorporación de componente colombiano, el representante legal o el apoderado del Proponente deberá diligenciar el Formato 9B – Incorporación de Componente Nacional en Servicios Extranjeros el cual manifieste bajo la gravedad de juramento que incorporará en la ejecución del contrato más del noventa por ciento (90%) de personal técnico, operativo y profesional de origen colombiano, en caso de resultar adjudicatario del Proceso de Contratación. La Entidad Estatal únicamente otorgará el puntaje por promoción de la incorporación de componente nacional cuando el Proponente que presente el Formato 9B – Incorporación de Componente Nacional en Servicios Extranjeros no haya recibido puntaje alguno por promoción de Servicios Nacionales o con Trato Nacional.(...)
A47: Formato 8 . Incentivo en favor de personas con discapacidad.
A48: Requisitos de Verificación | F48: Verificación Cumplimiento (SI/NO) | G48: PUNTAJE | H48: PUNTAJE OBTENIDO
A49: FORMATO 8 VINCULACIÓN DE PERSONAS CON DISCAPACIDAD SUSCRITO POR LA PERSONA NATURAL, EL REPRESENTANTE LEGAL O EL REVISOR FISCAL | F49: SI | G49: 1 | H49: =IF(COUNTIF($F$49:$F$53,"SI")=2,G49,0) -> 1
A50: En caso de oferentes plurales el integrante que aporta el personal con discapacidad, aporta mas del 40% de la experiencia expresada en SMLV (En caso de oferente individual indicar únicamente si) | F50: PORCENTAJE DE SMMLV ACREDITADOS
A51: SELECCIONE EL INTEGRANTE QUE APORTA LA CONDICION DE DISCAPACITADOS | D51: LAEL CONSTRUCCIONES S.A.S | F51: =IFERROR(VLOOKUP($D$51,EXPERIENCIA!$D$80:$J$85,6,FALSE),0) -> 2.18
A52: Acreditación Numero minimo de personas en condición de discapacidad de conformidad certificación de Ministerio de Trabajo | B52: Número total de trabajadores vinculados a la planta de personal | C52: Número total reportado de personas con discapacidad en la planta de personal | D52: Certificado Ministerio de Trabajo VIGENTE | E52: Número mínimo de trabajadores con discapacidad exigido DECRETO 1082 de 2015 | F52: =IF(AND(D53="SI",C53>=E53),"SI","NO") -> SI
B53: 1 | C53: 1 | D53: SI | E53: =IF($B$53>200,5,IF($B$53>150,4,IF($B$53>100,3,IF($B$53>30,2,IF($B$53>=1,1,0))))) -> 1
A54: Observaciones: | B54: Relacionadas con el FORMATO 8 | C54: =IF($F$49="no",[1]RESPUESTAS!$D$23,[1]RESPUESTAS!$C$23) -> SIN OBSERVACIONES
B55: Relacionadas con el integrante que aporta el 40% de la experiencia | C55: =IF($F$49="no",[1]RESPUESTAS!$E$23,[1]RESPUESTAS!$C$23) -> SIN OBSERVACIONES
B56: Relacionada con el Numero de personal Discapacitado | C56: =IF(AND($D$53="no",$C$53<$E$53),CONCATENATE([1]RESPUESTAS!$F$23," ",[1]RESPUESTAS!$G$23),IF(AND($D$53="SI",$C$53<$E$53),[1]RESPUESTAS!$G$23,IF(AND($D$53="NO",$C$53>=$E$53),[1]RESPUESTAS!$F$23,[1]RESPUESTAS!$C$23))) -> SIN OBSERVACIONES
B57: CONDICIONES PLIEGO | C57: =+[1]RESPUESTAS!H23 -> 4.5. VINCULACIÓN DE PERSONAS CON DISCAPACIDAD La Entidad asignará un (1) punto al Proponente que acredite el número mínimo de personas con discapacidad de acuerdo con el número total de trabajadores de la planta de su personal en los términos señalados en el artículo 2.2.1.2.4.2.6. del Decreto 1082 de 2015 (adicionado por el Decreto 392 de 2018), o la norma que lo modifique, adicione, complemente o sustituya. Para esto debe presentar: i) el Formato 8 – Vinculación de personas con discapacidad suscrito por la persona natural, el representante legal o el revisor fiscal, según corresponda, en el cual certifique el número total de trabajadores vinculados a la planta de personal del Proponente o sus integrantes a la fecha de cierre del Proceso de Contratación. ii) acreditar el número mínimo de personas con discapacidad en su planta de personal, de conformidad con lo señalado en el certificado expedido por el Ministerio de Trabajo, el cual deberá estar vigente a la fecha de cierre del Proceso de Contratación. Para los Proponentes Plurales, la Entidad tendrá en cuenta la planta de personal del integrante del Proponente Plural que aporte como mínimo el cuarenta por ciento (40 %) de la experiencia requerida para el Proceso de Contratación. Este porcentaje de experiencia se tomará sobre el “valor mínimo a certificar (como % del Presupuesto Oficial expresado en SMMLV)” de conformidad con el numeral 3.5.7, sin importar si la experiencia es general o específica.
A59: Formato 13 .Emprendimientos y empresas de mujeres.
A60: PROPONENTE O INTEGRANTE(S) QUE APORTA(N) LA CONDICION | B60: ACREDITACIÓN POR PORCENTAJE ACCIONARIO | C60: ACREDITACIÓN POR EMPLEOS NIVEL DIRECTIVO | D60: PORCENTAJE PARTIFICACIÓN | E60: FORMATO 13 | F60: Verificación Cumplimiento | G60: PUNTAJE | H60: PUNTAJE OBTENIDO
A61: {=IFERROR(_xlfn._xlws.FILTER(EXPERIENCIA!$D$19:$D$24,EXPERIENCIA!$A$19:$A$24="v"),"")} -> LAEL CONSTRUCCIONES S.A.S | B61: SI | C61: NO | D61: {=IFERROR(_xlfn._xlws.FILTER(EXPERIENCIA!$I$19:$I$24,EXPERIENCIA!$A$19:$A$24="v"),"")} -> 1 | E61: {=IFERROR(_xlfn._xlws.FILTER(EXPERIENCIA!$N$19:$N$24,EXPERIENCIA!$A$19:$A$24="v"),"")} -> CUMPLE | F61: =IF(A61="","",IF(OR(B61="SI",C61="SI",D61>=10%,E61="SE ANEXA"),"SI","""NO")) -> SI | G61: 0.25 | H61: =IF(COUNTIF($F$61:$F$66,"SI")>=1,G61,0) -> 0.25
F62: =IF(A62="","",IF(OR(B62="SI",C62="SI",D62>=10%,E62="SE ANEXA"),"SI","""NO"))
F63: =IF(A63="","",IF(OR(B63="SI",C63="SI",D63>=10%,E63="SE ANEXA"),"SI","""NO"))
F64: =IF(A64="","",IF(OR(B64="SI",C64="SI",D64>=10%,E64="SE ANEXA"),"SI","""NO"))
F65: =IF(A65="","",IF(OR(B65="SI",C65="SI",D65>=10%,E65="SE ANEXA"),"SI","""NO"))
F66: =IF(A66="","",IF(OR(B66="SI",C66="SI",D66>=10%,E66="SE ANEXA"),"SI","""NO"))
A67: Observaciones:
A69: MIPYME DOMICILIADA EN COLOMBIA
A70: PROPONENTE O INTEGRANTE(S) QUE APORTA(N) LA CONDICION DE PYMES | E70: PORCENTAJE PARTIFICACIÓN | F70: Verificación Cumplimiento | G70: PUNTAJE | H70: PUNTAJE OBTENIDO
A71: {=IFERROR(_xlfn._xlws.FILTER(EXPERIENCIA!$D$19:$D$24,EXPERIENCIA!$C$19:$C$24="v"),"")} -> LAEL CONSTRUCCIONES S.A.S | E71: {=IFERROR(_xlfn._xlws.FILTER(EXPERIENCIA!$I$19:$I$24,EXPERIENCIA!$C$19:$C$24="v"),"")} -> 1 | F71: =IF($A$71="","",IF($E$71>=10%,"SI","NO")) -> SI | G71: 0.25 | H71: =IF(COUNTIF($F$71:$F$76,"SI")>0,$G$71,0) -> 0.25
F72: =IF($A$72="","",IF($E$72>=10%,"SI","NO"))
F73: =IF($A$73="","",IF($E$73>=10%,"SI","NO"))
F74: =IF($A$74="","",IF($E$74>=10%,"SI","NO"))
F75: =IF($A$75="","",IF($E$75>=10%,"SI","NO"))
F76: =IF($A$76="","",IF($E$76>=10%,"SI","NO"))
A77: Observaciones:
A79: Al proponente y/o consorciados ¿se les ha impuesto una o más multas o cláusulas penales durante el último año? | F79: https://www.rues.org.co/ | G79: No | H79: =IF(G79="Si",-2,0) -> 0 | J79: https://www.rues.org.co/
A80: Observaciones:
A83: El Puntaje se asignara una vez el proponente se encuentre en Estado Final Habilitado
A84: =CONCATENATE("TOTAL PUNTAJE OFERENTE ",$D$3) -> TOTAL PUNTAJE OFERENTE LAEL CONSTRUCCIONES S.A.S | H84: =IF($G$5="HABILITADO",(H79+H71+H61+H49+H24+H18+H9),"") | J84: =+(H79+H71+H61+H49+H24+H18+H9) -> 40.5

Sheet KRESIDUAL
D2: EVALUACIÓN CAPACIDAD RESIDUAL DE CONTRATACIÓN
B5: 1. IDENTIFICACIÓN DEL OFERENTE
C7: Oferente: | D7: =+PONDERACIÓN!B3 -> 45 | E7: NOMBRE PROPONENTE: | F7: =IF($D$7>0,(VLOOKUP($D$7,[1]OFERENTES!$A$8:$W$1027,2,FALSE)),"") -> LAEL CONSTRUCCIONES S.A.S | L7: TIPO PROPONENTE: | N7: =IFERROR(VLOOKUP($D$7,[1]OFERENTES!$A$8:$AA$1027,26,FALSE),"") -> Proponente Individual
B10: 2. CAPACIDAD RESIDUAL
J11: CPR | K11: CRPC | L11: ESTADO FINANCIEROS DICTAMINADOS | M11: ESTADO CAPACIDAD RESIDUAL
C12: El Proponente será hábil si su capacidad residual es mayor o igual a la capacidad residual de Proceso de Contratación (CRPC). Así: CPR >= CRPC: | J12: 7.5267919e+08 | K12: =+N17 -> 7.5062552e+08 | L12: SI | M12: =IF(J12="","",IF(J12>=K12,"HABILITADO","NO HABILITADO")) -> HABILITADO
B15: 3. CÁLCULO DE LA CAPACIDAD RESIDUAL DEL PROCESO DE CONTRATACIÓN (CRPC)
C17: MESES CONTRATO | D17: ANTICIPO O PAGO ANTICIPADO | E17: POE | F17: CÁLCULO DE LA CAPACIDAD RESIDUAL DEL PROCESO DE CONTRATACIÓN (CRPC) | G17: OPCION 1 | H17: <= a 12 meses | J17: 𝐶𝑅𝑃𝐶=𝑃𝑂𝐸−𝐴𝑛𝑡𝑖𝑐𝑖𝑝𝑜 𝑦/𝑜 𝑝𝑎𝑔𝑜 𝑎𝑛𝑡𝑖𝑐𝑖𝑝𝑎𝑑𝑜 | L17: =CONCATENATE("CRPC"," ",'[1]DATOS DEL PROCESO'!D2) -> CRPC MC-LP-010-2024 | M17: EN PESOS COLOMBIANOS | N17: =IF($C$18>="12",($E$18-($E$18*$D$18)/$C$18)*12,($E$18-($E$18*$D$18))) -> 7.5062552e+08
C18: =+EXPERIENCIA!H10 -> 6 | D18: =+EXPERIENCIA!N10 -> 0.5 | E18: =+EXPERIENCIA!J10 -> 1501251043 | G18: OPCION 2 | H18: >= a 12 meses | J18: POE−Anticipo y/o pago anticipado CRPC = ------------------------------------------------------------- * 12 Plazo estimado (meses) | M18: EN SMMLV | N18: =ROUND((N17/1300000),2) -> 577.4
C20: OBSERVACIÓN: | D20: SIN OBSERVACIONES.
B24: 4. CÁLCULO DE LA CAPACIDAD RESIDUAL DEL PROPONENTE (CRP) | H24: REVISIÓN COLOMBIA COMPRA EFICIENTE
C26: CÁLCULO DE LA CAPACIDAD RESIDUAL DEL PROPONENTE (CRP) | F26: PUNTAJE MAXIMO
C27: CO | D27: Capacidad de Organización | F27: N/A
C28: E | D28: Experiencia | F28: 120
C29: CT | D29: Capacidad Técnica | F29: 40
C30: CF | D30: Capacidad Financiera | F30: 40
C31: SCE | D31: Saldos de Contratos en Ejecución | F31: N/A
C41: EXPERIENCIA (E) | E41: 120
C43: El factor (E) del Proponente para propósitos de la capacidad residual es acreditado por medio de la relación entre: i) el valor total en Pesos de los contratos relacionados con la actividad de la construcción inscritos por el Proponente en el RUP, o Formato 5 – Capacidad residual en el segmento 72 “Servicios de Edificación, Construcción de Instalaciones y Mantenimiento” del Clasificador de Bienes y Servicios; y ii) el Presupuesto Oficial del Proceso de Contratación.
C44: El puntaje al factor (E) será asignado con base en la siguiente tabla:
C46: MAYOR A | D46: MENOR IGUAL A | E46: PUNTAJE | J46: PROPONENTE O INTEGRANTE DEL PROPONENTE PLURAL | N46: PORCENTAJE PARTICIPACIÓN
C47: 0 | D47: 3 | E47: 60 | J47: 1 | K47: {=UNICO_PROPONENTE_INTEGRANTE_1} | N47: {=PORCENTAJE_INTEGRANTE1} -> #N/A
C48: 3 | D48: 6 | E48: 80 | J48: 2 | K48: {=INTEGRANTE_2} | N48: {=PORCENTAJE_INTEGRANTE2} -> #N/A
C49: 6 | D49: 10 | E49: 100 | J49: 3 | K49: {=INTEGRANTE_3} | N49: {=PORCENTAJE_INTEGRANTE3} -> #N/A
C50: 10 | D50: En adelante | E50: 120 | J50: 4 | K50: {=INTEGRANTE_4} | N50: {=PORCENTAJE_INTEGRANTE4} -> #N/A
J51: 5 | K51: {=INTEGRANTE_5} | N51: {=PORCENTAJE_INTEGRANTE5} -> #N/A
J52: 6 | K52: {=INTEGRANTE_6} | N52: {=PORCENTAJE_INTEGRANTE6} -> #N/A
C55: PROPONENTE INDIVIDUAL | J55: PROPONENTE PLURAL
C56: Valor total de los contratos (COP) E = ---------------------------------------------------------------- Presupuesto total estimado (COP) | J56: FORMULA PARA CADA UNO DE LOS INTEGRANTES DEL PROPONENTE PLURAL: Valor total de los contratos (COP) E = ---------------------------------------------------------------- Presupuesto total estimado (COP) * % Participación
C59: VALOR TOTAL CONTRATOS -FORMATO 5 | D59: POE | E59: EXPERIENCIA | F59: TOTAL PUNTAJE | J59: VALOR TOTAL CONTRATOS -FORMATO 5 | K59: POE * % PARTICIPACIÓN | L59: EXPERIENCIA | M59: TOTAL VECES DEL POE | N59: TOTAL PUNTAJE
C60: 2000000 | D60: =IF($N$7="Único Proponente",$E$18,"") | E60: =IF($N$7="Único Proponente",$C$60/$D$60,"") | F60: =IF($N$7="Único Proponente",IF($E$60>11,$E$50,IF($E$60>$C$49,$E$49,IF($E$60>$C$48,$E$48,IF($E$60>$C$47,E47,"")))),"") | I60: 1 | J60: 2500000000 | K60: =IFERROR(IF($N$7="Proponente Plural",$E$18*$N47,""),"") | L60: =IFERROR((J60/K60),"") | M60: =IF(SUM($L$60:$L$65)=0,"",SUM($L$60:$L$65)) | N60: =IF($N$7="Proponente Plural",IF($M$60>11,$E$50,IF($M$60>$C$49,$E$49,IF($M$60>$C$48,$E$48,IF($M$60>$C$47,E47,"")))),"")
I61: 2 | J61: 700000000 | K61: =IFERROR(IF($N$7="Proponente Plural",$E$18*$N48,""),"") | L61: =IFERROR((J61/K61),"")
I62: 3 | K62: =IFERROR(IF($N$7="Proponente Plural",$E$18*$N49,""),"") | L62: =IFERROR((J62/K62),"")
I63: 4 | K63: =IFERROR(IF($N$7="Proponente Plural",$E$18*$N50,""),"") | L63: =IFERROR((J63/K63),"")
I64: 5 | K64: =IFERROR(IF($N$7="Proponente Plural",$E$18*$N51,""),"") | L64: =IFERROR((J64/K64),"")
I65: 6 | K65: =IFERROR(IF($N$7="Proponente Plural",$E$18*$N52,""),"") | L65: =IFERROR((J65/K65),"")
C67: CAPACIDAD FINANCIERA (CF) | E67: 40
C69: El factor (CF) para propósitos de la capacidad residual se obtiene teniendo en cuenta el índice de liquidez del Proponente con base en la siguiente fórmula: | F69: Activo Corriente Índice de liquidez = ------------------------------------------- Pasivo Corriente
C71: El puntaje para la liquidez se debe asignar con base en la siguiente tabla:
J72: INTEGRANTES PROPONENTE PLURAL | L72: ACTIVO CORRIENTE | M72: PASIVO CORRIENTE
C73: MAYOR A | D73: MENOR IGUAL A | E73: PUNTAJE | I73: 1 | J73: {=UNICO_PROPONENTE_INTEGRANTE_1} | L73: 1500000000 | M73: 750000000
C74: 0 | D74: 0.5 | E74: 20 | I74: 2 | J74: {=INTEGRANTE_2} | L74: 2000000000 | M74: 1500000000
C75: 0.5 | D75: 0.75 | E75: 25 | I75: 3 | J75: {=INTEGRANTE_3} | L75: 3000000000 | M75: 1000000
C76: 0.75 | D76: 1 | E76: 30 | I76: 4 | J76: {=INTEGRANTE_4}
C77: 1 | D77: 1.5 | E77: 35 | I77: 5 | J77: {=INTEGRANTE_5}
C78: 1.5 | D78: Mayores | E78: 40 | I78: 6 | J78: {=INTEGRANTE_6}
J80: ACTIVO CORRIENTE | K80: PASIVO CORRIENTE | L80: INDICE DE LIQUIDEZ | M80: TOTAL PUNTAJE
J81: =SUM(L73:L78) -> 6500000000 | K81: =SUM(M73:M78) -> 2251000000 | L81: =IFERROR(J81/K81,"INDETERMINADO") -> 2.8876055 | M81: =IF($L$81>1.51,$E$78,IF($L$81>$C$77,$E$77,IF($L$81>$C$76,$E$76,IF($L$81>$C$75,$E$75,IF($L$81>$C$74,$E$74,"40"))))) -> 40
C83: Capacidad Técnica (CT): | E83: 40
C85: El factor (CT) para propósitos de la capacidad residual se asigna teniendo en cuenta el número de socios y profesionales de la arquitectura, ingeniería y geología vinculados mediante una relación laboral o contractual vigente conforme con la cual desarrollen actividades relacionadas directamente con la construcción.
C87: MAYOR A | D87: MENOR IGUAL A | E87: PUNTAJE | J87: INTEGRANTES PROPONENTE PLURAL | L87: N° TRABAJADORES ANEXO 5 | M87: TOTAL TRABAJADORES | N87: TOTAL PUNTAJE
C88: 1 | D88: 5 | E88: 20 | I88: 1 | J88: {=UNICO_PROPONENTE_INTEGRANTE_1} | L88: 3 | M88: =SUM(L88:L93) -> 10 | N88: =IF($M$88>=$C$90,$E$90,IF($M$88>=$C$89,$E$89,IF($M$88>=$C$88,$E$88,""))) -> 30
C89: 6 | D89: 10 | E89: 30 | I89: 2 | J89: {=INTEGRANTE_2} | L89: 4
C90: 11 | D90: Mayores | E90: 40 | I90: 3 | J90: {=INTEGRANTE_3} | L90: 3
I91: 4 | J91: {=INTEGRANTE_4}
I92: 5 | J92: {=INTEGRANTE_5}
I93: 6 | J93: {=INTEGRANTE_6}
C96: Saldos Contratos en Ejecución (SCE):
J98: INTEGRANTES PROPONENTE PLURAL | L98: SCE
I99: 1 | J99: {=UNICO_PROPONENTE_INTEGRANTE_1} | L99: 2500000000
I100: 2 | J100: {=INTEGRANTE_2} | L100: 9000000000
I101: 3 | J101: {=INTEGRANTE_3} | L101: 5000000000
I102: 4 | J102: {=INTEGRANTE_4}
I103: 5 | J103: {=INTEGRANTE_5}
I104: 6 | J104: {=INTEGRANTE_6}
J105: TOTAL VALOR REPORTADO EN ANEXO 5 | L105: =SUM(L99:L104) -> 16500000000
